 Dungeon Crawl Stone Soup version 0.31-a0-559-g03b8d61ab2 (webtiles) character file.

Game seed: 7626016341440394183

67 Ethylacetat the Insei (level 4, 0/31 HPs)
             Began as an Octopode Gladiator on Aug 17, 2023.
             Slain by a kobold
             ... wielding a +0 dagger
              (4 damage)
             ... on level 2 of the Dungeon.
             The game lasted 00:01:11 (1159 turns).

Ethylacetat the Insei (Octopode Gladiator)          Turns: 1159, Time: 00:01:11

Health: 0/31       AC:  1    Str: 13    XL:     4   Next: 16%
Magic:  4/4        EV: 14    Int: 10    God:
Gold:   101        SH:  0    Dex: 15    Spells: 3/3 levels left

rFire   . .          .
                       - Unarmed
rCold   . . .        (no shield)
rNeg    . . .        a - +0 hat
rPois   .            (no amulet)
rElec   .            (no ring)
rCorr   .            (no ring)
SInv    .            (no ring)
Will    .....        (no ring)
Stlth   ++           (no ring)
HPRegen 0.25/turn    (no ring)
MPRegen 0.09/turn    (no ring)
                     (no ring)

%: no passive effects
@: no status effects
A: almost no armour, amphibious, 8 rings, camouflage 1, gelatinous body 1,
(nimble swimmer 1), tentacles
a: no special abilities


You were on level 2 of the Dungeon.
You visited 1 branch of the dungeon, and saw 2 of its levels.

You collected 101 gold pieces.

Inventory:

Missiles
 b - 3 throwing nets (quivered)
 c - a javelin
Armour
 a - a +0 hat (worn)
Scrolls
 g - a scroll of blinking {unknown}
 h - a scroll of identify {unknown}
Potions
 d - a potion of magic {unknown}
 e - a potion of curing {unknown}
 f - a potion of resistance {unknown}
 i - a potion of degeneration {unknown}


   Skills:
 + Level 3.0 Fighting
 - Level 2.0 Throwing
 + Level 3.6 Dodging
 + Level 3.7 Unarmed Combat


You had 3 spell levels left.
You didn't know any spells.
Your spell library was empty.

Dungeon Overview and Level Annotations

Branches:
Dungeon (2/15)

Altars:

Annotations:
D:1 1 transporter


Innate Abilities, Weirdness & Mutations

You cannot wear most types of armour.
You are amphibious.
You can wear up to eight rings at the same time.
Your skin changes colour to match your surroundings (Stealth+).
Your rubbery body absorbs attacks. (AC +1, EV +1)
((You are camouflaged when in or above water. (Stealth+)))
You have tentacles for arms and can constrict up to eight enemies at once.


Message History

A goblin is nearby!
An endoplasm comes into view.
The goblin shouts!
You tentacle-slap the goblin.
You kill the goblin!
The endoplasm quivers.
The endoplasm freezes you.
You are frozen.
A frilled lizard comes into view.
A kobold comes into view. It is wielding a +0 dagger.
You are too injured to fight recklessly!
You are too injured to fight recklessly!
You are too injured to fight recklessly!
You are too injured to fight recklessly!
The kobold shouts!
You tentacle-slap the endoplasm.
The endoplasm is lightly wounded.
The endoplasm hits you.
You barely miss the endoplasm. You squeeze the endoplasm.
The endoplasm is heavily wounded.
The endoplasm hits you but does no damage.
The kobold misses you. The frilled lizard barely misses you.
You miss the frilled lizard. Your grab misses the frilled lizard.
Your squeeze misses the frilled lizard. The endoplasm misses you.
The frilled lizard closely misses you. The kobold hits you with a +0 dagger.
You closely miss the frilled lizard. Your grab misses the frilled lizard.
Your squeeze misses the frilled lizard. The endoplasm closely misses you.
The frilled lizard barely misses you. The kobold hits you with a +0 dagger.
Unknown command.
You miss the frilled lizard. Your grab misses the frilled lizard.
Your squeeze misses the frilled lizard. The endoplasm freezes you.
You are frozen.
* * * LOW HITPOINT WARNING * * *
The frilled lizard misses you. The kobold hits you with a +0 dagger.
* * * LOW HITPOINT WARNING * * *
You tentacle-slap the endoplasm.
You kill the endoplasm!
The frilled lizard barely misses you. The kobold hits you with a +0 dagger.
You die...

####..## ..##..# ..#
..###.# ..# ..##..# ...#
......## ..# ..##...##
..#
..###...##+#######'#####
..# #......†.....K......
..##............@.......
####..........)..l......
.###....##+#######'#####
.......## ..# (.....##
..# ......# ...# ......#
..# ......# ..# .....##


You could see a kobold and a frilled lizard.

Vanquished Creatures
  2 adders (D:2)
  A dart slug (D:1)
  5 ball pythons
  7 endoplasms
  2 giant cockroaches
  4 hobgoblins (D:1)
  2 jackals (D:1)
  3 kobolds
  3 quokkas
  7 bats (D:1)
  3 goblins
  3 rats (D:1)
42 creatures vanquished.

Notes
Turn   | Place    | Note
-------+----------+-------------------------------------------
     0 | D:1      | Ethylacetat the Octopode Gladiator began the quest for the
                  | Orb.
     0 | D:1      | Reached XP level 1. HP: 14/14 MP: 1/1
   142 | D:1      | Reached XP level 2. HP: 19/19 MP: 2/2
   339 | D:1      | Reached XP level 3. HP: 25/25 MP: 3/3
  1141 | D:2      | Reached XP level 4. HP: 18/31 MP: 4/4
  1159 | D:2      | Slain by a kobold

Illustrated notes

Levels and vault maps discovered:
D:1:      spicycebolla_arrival_risky_transporter, layout_loops_ring,
          serial_bayou_pond_b
D:2:      kennysheep_six_static_rooms, layout_rooms, minmay_quadrilaterals

Skill      XL: |  1  2  3 |
---------------+----------+-----
Fighting       | 3 |  3.0
Throwing       | |  2.0
Dodging        | |  3.6
Unarmed Combat | |  3.7

Action                     |  1- 3 |  4- 6 || total
---------------------------+-------+-------++-------
  Melee: Unarmed           |    84 |     7 ||    91
         Constrict         |    25 |       ||    25
         Punch             |     3 |       ||     3
         Tentacles         |    13 |     1 ||    14
   Stab: Sleeping          |     7 |       ||     7
 Armour: Skin              |    16 |     1 ||    17
  Dodge: Dodged            |    70 |     8 ||    78

Table legend: (Time is in decaauts)
 A = Elapsed time spent in this place.
 B = Non-inter-level travel time spent in this place.
 C = Inter-level travel time spent in this place.
 D = Time resting spent in this place.
 E = Time spent auto-exploring this place.
 F = Levels seen in this place.
 G = Mean time per level.
                   A        B        C        D        E       F      G
               +--------+--------+--------+--------+--------+-----+--------+
         Total |   1152 |   1142 |     10 |     88 |    853 |   2 |  576.0 |
       Dungeon |   1152 |   1142 |     10 |     88 |    853 |   2 |  576.0 |
               +--------+--------+--------+--------+--------+-----+--------+

Top non-repeatable levels by time:
     D:1: 910 daAuts
     D:2: 241 daAuts
